[Event "3rd Sharjah Challengers 2023"]
[Site "Sharjah"]
[Date "2023.05.17"]
[Round "1.1"]
[White "Al Hosani, Omran"]
[Black "Burmakin, Vladimir"]
[Result "1/2-1/2"]
[ECO "D35"]
[WhiteElo "2270"]
[BlackElo "2496"]
[Annotator "TA"]
[PlyCount "68"]
[EventDate "2023.05.16"]
[EventType "swiss"]
[EventCountry "UAE"]
[SourceTitle "playchess.com"]
[Source "ChessBase"]
[SourceQuality "1"]
[TimeControl "5400+30"]

1. d4 d5 2. c4 e6 3. Nc3 Nf6 4. Bg5 Be7 5. cxd5 exd5 6. e3 c6 7. Bd3 Bg4 8. Qc2 Bh5 9. Nge2 Bg6 10. Ng3 {[%emt 0:00:30] D35: Queen's Gambit Declined: Exchange Variation.} Na6 11. a3 {[%emt 0:00:30] Against Nb4} Nc7 12. Nf5 {[%emt 0:00:30] The position is equal.} Ne6 {[%emt 0:00:30] Hoping for ...Bxf5.} 13. Bh4 Bxf5 14. Bxf5 g6 15. Bd3 Nh5 16. Bxe7 Qxe7 17. O-O O-O {[%emt 0:00:30] [#]} 18. b4 $146 ({Predecessor:} 18. g3 f5 19. Ne2 Rae8 20. Kg2 Qg5 21. h4 Qe7 22. Rh1 Qd7 23. Qd1 Re7 24. b4 {½-½ Cruzado Duenas,C (2569)-Vlasveld,W (2501) olm20 final email 2016 [3]}) 18... a6 19. Na4 Nf6 (19... f5 $142) 20. Nc5 $11 Ne8 21. a4 Nd6 22. Qb3 Nc7 {[%emt 0:00:30] And now ...b6 would win.} 23. Qc2 Rfe8 24. Rfe1 Rad8 25. Rad1 Qf6 26. Bf1 Re7 27. f3 Ne6 28. Nxe6 Qxe6 29. Bd3 f5 30. Qc5 Rde8 31. Re2 Nc4 (31... Qd7 $11) 32. Bxc4 $14 dxc4 {[%emt 0:00:30] [#]} 33. a5 $1 {[%emt 0:00:30] White is more active.} Qd5 {[%emt 0:00:30] [#]} 34. Kf2 Kg7 {[%emt 0:00:30] Weighted Error Value: White=0.07 (flawless) /Black=0.14 (very precise)} 1/2-1/2

[Event "3rd Sharjah Challengers 2023"]
[Site "Sharjah"]
[Date "2023.05.17"]
[Round "1.2"]
[White "Fawzy, Adham"]
[Black "Koniahli, Malek."]
[Result "1/2-1/2"]
[ECO "C80"]
[WhiteElo "2495"]
[BlackElo "2248"]
[Annotator "TA"]
[PlyCount "44"]
[EventDate "2023.05.16"]
[EventType "swiss"]
[EventCountry "UAE"]
[SourceTitle "playchess.com"]
[Source "ChessBase"]
[SourceQuality "1"]
[TimeControl "5400+30"]

1. e4 e5 2. Nf3 Nc6 3. Bb5 a6 4. Ba4 Nf6 5. O-O Nxe4 6. d4 b5 7. Bb3 d5 8. dxe5 Be6 9. Nbd2 Nc5 10. c3 Nxb3 11. Nxb3 Be7 12. Nfd4 {C80: Open Ruy Lopez: Sidelines and 9 Nbd2.} Qd7 13. Nxc6 Qxc6 14. f4 {White is slightly better.} Qd7 15. Be3 a5 {[%cal Ba6a5,Ba5a4,Ba4b3,Bb3a2][%mdl 32] [#] Black is weak on the dark squares} 16. Bc5 $146 {[#] Bxe7 is the strong threat.} ({Predecessor:} 16. a4 Bg4 17. Qd4 O-O 18. h3 Bf5 19. Qd1 bxa4 20. Nd4 a3 21. Nxf5 Qxf5 22. bxa3 {½-½ So,W (2540)-Torre,E (2519) Manila op 2008 (4)}) 16... a4 17. Bxe7 {[%cal Of4f5] f5! would be deadly.} axb3 18. Bb4 (18. Ba3 $14) 18... bxa2 $11 19. Qd4 (19. b3 $11 {keeps the balance.}) 19... g6 (19... Bf5 $17) 20. b3 Qc6 21. Rf2 Qd7 $2 {[#]} (21... Kd7 $11 {and Black is okay.}) 22. h3 $2 ({Don't play} 22. Raxa2 Qc6 23. Rxa8+ (23. Qc5 Qxc5 24. Bxc5 Kd7 $11) 23... Qxa8) (22. Rfxa2 $18 {is more deadly.} Rxa2 23. Rxa2) 22... h5 {[%emt 0:11:00] Weighted Error Value: White=0.33/Black=0.54} (22... c5 $2 23. Qxc5 Qd8 24. Rfxa2 $18) (22... Qc6 $16 {was called for.}) 1/2-1/2

[Event "3rd Sharjah Challengers 2023"]
[Site "Sharjah"]
[Date "2023.05.17"]
[Round "1.3"]
[White "Stojanovic, Andjelija"]
[Black "Sivuk, Vitaly"]
[Result "1/2-1/2"]
[ECO "C80"]
[WhiteElo "2234"]
[BlackElo "2489"]
[Annotator "TA"]
[PlyCount "100"]
[EventDate "2023.05.16"]
[EventType "swiss"]
[EventCountry "UAE"]
[SourceTitle "playchess.com"]
[Source "ChessBase"]
[SourceQuality "1"]
[TimeControl "5400+30"]

1. e4 e5 2. Nf3 Nc6 3. Bb5 a6 4. Ba4 Nf6 5. O-O Nxe4 6. d4 b5 7. Bb3 d5 8. dxe5 Be6 9. Nbd2 Nc5 10. c3 Nxb3 11. Nxb3 Be7 12. Nfd4 {[%emt 0:02:45] C80: Open Ruy Lopez: Sidelines and 9 Nbd2.} Qd7 13. Nxc6 Qxc6 14. f4 {[%emt 0:00:02] White is slightly better.} Qd7 15. Be3 a5 {[%emt 0:19:42][%cal Ba6a5,Ba5a4,Ba4b3,Bb3a2][%mdl 32] [#] Black is weak on the dark squares} 16. Bc5 $146 ({White should play} 16. Nc5 $14 Bxc5 17. Bxc5) ({Predecessor:} 16. a4 Bg4 17. Qd4 O-O 18. h3 Bf5 19. Qd1 bxa4 20. Nd4 a3 21. Nxf5 Qxf5 22. bxa3 {½-½ So,W (2540)-Torre,E (2519) Manila op 2008 (4)}) 16... a4 $11 17. Bxe7 {[%emt 0:00:21][%cal Of4f5] And now f5! would win.} axb3 18. Bb4 bxa2 19. Qd4 (19. b3 $11 {remains equal.}) 19... g6 ({Better is} 19... Bf5 $17 20. b3 Rg8) 20. b3 Qc6 21. Rf2 Kd7 22. h3 h5 23. Kh2 Ra6 24. Rd2 Rb8 (24... Rha8 $5 ) 25. Raxa2 Rxa2 26. Rxa2 Ra8 27. Rd2 {[%emt 0:17:50] c4 is the strong threat.} Kc8 28. Kg3 Kb7 29. Qc5 Ra1 30. Qf8 $2 (30. Qd4 $11) 30... d4 $1 $19 {[%emt 0:03:05][%mdl 64] aiming for ...Qe4. Discovered Attack} 31. cxd4 $2 (31. Qc5 Qxc5 {[%mdl 64] Remove Defender} 32. Bxc5) 31... Rb1 $2 (31... Bxb3 32. Qc5 $15) (31... Qe4 {( -> ...Qe3+)} 32. Qh6 Rh1) 32. Qc5 Rxb3+ (32... Bxb3 33. Kh4 $15) 33. Kh4 Qxc5 34. Bxc5 {[%emt 0:00:02][%mdl 4096] Endgame [#] KRB-KRB} Kc6 35. Rf2 Kd5 ({Worse is} 35... b4 36. g4 $15) 36. Kg5 (36. Rf1 $142) 36... Rg3+ 37. Kh4 Rd3 38. Kg5 Kc4 39. Rb2 c6 40. Ra2 b4 {[%emt 0:03:17] Hoping for ...Kc3.} 41. Ra4 {[%emt 0:00:05] [#]} Rb3 (41... Rg3+ $1 $19 42. Kf6 Rxg2 43. Rxb4+ Kd5) 42. g4 $17 Rxh3 (42... hxg4 $17 43. hxg4 Rg3 44. Rxb4+ Kc3) 43. f5 {[%emt 0:00:50] The position is equal.} gxf5 $1 44. gxf5 Bd5 45. Rxb4+ Kd3 $1 46. Rb7 {[%emt 0:00:55][%cal Oe5e6] Threatens to win with e6!} h4 47. e6 fxe6 48. f6 {[%emt 0:00:01] Black must now prevent f7.} Rf3 49. f7 {[%emt 0:01:04] Strongly threatening Ra7.} ({Of course not} 49. Kxh4 Rxf6 50. Kg4 Rf5 $15) 49... h3 50. f8=Q (50. f8=B $2 {too greedy.} h2 51. Rh7 Rf5+ 52. Kg6 h1=Q $19) 50... Ke4 $2 {[%emt 0:00:33][%mdl 40960] What a bad dream for Black.   Weighted Error Value: White=0.33/Black=0.25 (precise) . An unexpected result.} (50... Rxf8 $11 51. Bxf8 h2) 1/2-1/2

[Event "3rd Sharjah Challengers 2023"]
[Site "Sharjah"]
[Date "2023.05.17"]
[Round "1.4"]
[White "Vorobiov, Evgeny E."]
[Black "Paramzina, Anastasya"]
[Result "0-1"]
[ECO "D38"]
[WhiteElo "2483"]
[BlackElo "2227"]
[Annotator "TA"]
[PlyCount "66"]
[EventDate "2023.05.16"]
[EventType "swiss"]
[EventCountry "UAE"]
[SourceTitle "playchess.com"]
[Source "ChessBase"]
[SourceQuality "1"]
[TimeControl "5400+30"]

1. d4 Nf6 2. c4 e6 3. Nc3 d5 4. Nf3 Bb4 5. cxd5 exd5 6. Bg5 h6 7. Bh4 c5 8. dxc5 {[%emt 0:01:07] D38: Queen's Gambit Declined: Ragozin Defence (4 Nf3 Bb4).} Nbd7 9. e3 Qa5 10. Bxf6 {[%emt 0:12:46] The position is equal.} Nxf6 11. Qb3 {[%emt 0:05:12] [#]} Ne4 $146 ({Predecessor:} 11... Be6 12. Nd4 O-O 13. Bd3 Rac8 14. O-O Qxc5 15. Nce2 Qe7 16. Ng3 Bc5 17. Ndf5 Bxf5 18. Nxf5 {0-1 Hernandes,O (2056)-Martins,V (2308) Campinas Universities op 2011 (3.3)}) 12. Rc1 Nxc5 (12... Be6 $5 13. Nd4 O-O $11) 13. Qc2 Qxa2 (13... Na4 $11) 14. Bb5+ $16 Bd7 15. O-O Qa5 (15... Bxc3 $2 16. Qxc3 (16. Bxd7+ Nxd7 17. Qxc3 O-O $11) 16... O-O 17. Qxc5 $18) 16. Ra1 $1 Qd8 17. Rfd1 (17. Bxd7+ $1 $16 Qxd7 18. Na2) 17... Bxb5 $14 18. Nxd5 Bd3 $1 19. Rxd3 Nxd3 20. Nc7+ {[%emt 0:00:36] Excellent horsemanship.} (20. Qxd3 Bd6 $15) 20... Ke7 {[%emt 0:13:17] White must now prevent ...Rc8.} 21. Nxa8 a5 (21... Qd7 $14) 22. Rd1 $16 Qxa8 23. Qxd3 (23. Qc7+ $1 $16 Kf6 24. Rxd3) 23... Rd8 $14 24. Nd4 {[%emt 0:00:40] Hoping for Nf5+.} g6 {[%emt 0:00:07] Wards off Nf5+} 25. h4 h5 26. Qb5 (26. g4 $1 $16 {[%cal Rg4h5] gxh5 would be deadly.} Qc8 27. Qe4+ Kf8 28. gxh5 gxh5 29. Qf3) 26... Kf8 $11 27. Qg5 {[%emt 0:08:12][%cal Od4e6] Ne6+! is the strong threat.} Kg8 28. f4 Re8 29. Nf5 (29. Ne6 $11 Qc8 30. f5) 29... Bf8 $17 30. Ng3 {[%emt 0:01:54] [#]} Be7 $1 ({Don't play} 30... Rxe3 31. Nxh5 Be7 32. Nf6+ Kg7 33. Nh5+ Kh7 34. Nf6+ Kg7 35. Nh5+ Kh7 36. Nf6+ Kg7 $11) 31. Qh6 (31. Qb5 $17) 31... Qa7 $19 ({And not} 31... Bxh4 32. Rd6 $11) 32. Rd3 {[%emt 0:01:13] [#]} Bf8 $1 ({Worse is} 32... Bxh4 33. f5 Qa6 34. Rd5 $17) 33. Qg5 Rxe3 {[%emt 0:00:16] Weighted Error Value: White=0.34/Black=0.13 (very precise)} 0-1

[Event "3rd Sharjah Challengers 2023"]
[Site "Sharjah"]
[Date "2023.05.17"]
[Round "1.5"]
[White "Hany Kamal, Mohamed"]
[Black "Rios, Cristhian Camilo"]
[Result "1/2-1/2"]
[ECO "A16"]
[WhiteElo "2227"]
[BlackElo "2469"]
[Annotator "TA"]
[PlyCount "75"]
[EventDate "2023.05.16"]
[EventType "swiss"]
[EventCountry "UAE"]
[SourceTitle "playchess.com"]
[Source "ChessBase"]
[SourceQuality "1"]
[TimeControl "5400+30"]

1. Nf3 Nf6 2. c4 g6 3. Nc3 Bg7 4. e4 e5 5. Nxe5 O-O 6. Nf3 {[%emt 0:00:30] A16: English Opening: 1...Nf6 with ...d5.} Re8 7. d3 d5 8. cxd5 {[%emt 0:00:30] White is slightly better.} Nxd5 9. Nxd5 Qxd5 10. Be2 Qd6 11. h3 c5 12. O-O Nc6 {[%emt 0:00:30] [#]} 13. Qc2 $146 ({Predecessor:} 13. a3 b6 14. Qc2 Nd4 15. Nxd4 Bxd4 16. Be3 Bxe3 17. fxe3 Bxh3 18. Rf4 Be6 19. Qc3 Qd8 20. Rf6 Rc8 21. Raf1 Rc7 22. Qe1 Rd7 23. Qc3 a5 24. b3 Rc7 {½-½ Atanasov,A (2361)-Mikhalevski,V (2519) Toronto Excelsior GM 03 2023 (5)}) 13... b6 14. Bd2 a5 15. Bc3 Nd4 16. Nxd4 Bxd4 17. Kh1 Ba6 18. f4 Rad8 19. Rad1 Qe7 20. f5 Rd6 21. Qb3 Qc7 22. Bxd4 Rxd4 23. fxg6 hxg6 24. Rf6 c4 25. Qxb6 Qxb6 26. Rxb6 cxd3 27. Bg4 (27. Bf3 $5 Re6 28. Rxe6 fxe6 29. Kg1 $14) 27... Bc8 {[%emt 0:00:30] [#] ...Bxg4 is the strong threat.} 28. Rb8 Bd7 29. Rxe8+ Bxe8 $14 {[%emt 0:00:30][%mdl 4096] Endgame KRB-KRB} 30. Kg1 Bb5 31. Bf3 $1 Kg7 32. Kf2 Ra4 33. a3 {[%emt 0:00:30] Threatens to win with Rc1.} Rc4 {[%emt 0:00:30] Prevents Rc1} 34. Ke3 (34. Rxd3 $2 {is the wrong capture.} Rc2+ 35. Ke3 Bxd3 36. Kxd3 Rxb2 $19) 34... Rc2 35. Rd2 {[%emt 0:00:30] Rxc2 would be deadly.} Rc1 36. Rd1 Rc2 37. Rd2 Rc1 $1 38. Rd1 {[%emt 0:00:30] Weighted Error Value: White=0.09 (flawless) /Black=0.05 (flawless)} (38. Bd1 $16) 1/2-1/2

[Event "3rd Sharjah Challengers 2023"]
[Site "Sharjah"]
[Date "2023.05.17"]
[Round "1.6"]
[White "Ohanyan, Emin"]
[Black "Bogdanov, Artyom"]
[Result "1/2-1/2"]
[ECO "E11"]
[WhiteElo "2444"]
[BlackElo "2221"]
[Annotator "TA"]
[PlyCount "77"]
[EventDate "2023.05.16"]
[EventType "swiss"]
[EventCountry "UAE"]
[SourceTitle "playchess.com"]
[Source "ChessBase"]
[SourceQuality "1"]
[TimeControl "5400+30"]

1. d4 Nf6 2. c4 e6 3. Nf3 Bb4+ 4. Nbd2 b6 5. a3 Bxd2+ 6. Bxd2 Bb7 7. e3 d6 8. Bd3 Nbd7 9. O-O O-O 10. b4 {[%emt 0:05:28] E11: Bogo-Indian.} Ne4 (10... e5 $5 11. Bc2 Ne4 $11) 11. Be1 f5 12. Nd2 {[%emt 0:02:12] [#] White is slightly better.} Qe7 $146 ({Predecessor:} 12... Qg5 13. f4 Qg6 14. Nxe4 Bxe4 15. Bxe4 fxe4 16. Bh4 Rf7 17. Rc1 Raf8 18. Qe2 a6 {½-½ Straka,J (2130)-Mueller,A (2130) W-ch WS/M/307 email 2011}) 13. f3 Nxd2 14. Qxd2 e5 15. Bc2 Kh8 16. Qf2 (16. Bg3 $14) 16... e4 $11 17. f4 d5 18. Bb3 Qf7 19. Qa2 Nf6 20. Bd2 dxc4 21. Bxc4 Bd5 22. Rfc1 Rac8 23. a4 Bxc4 24. Qxc4 Qxc4 25. Rxc4 Nd5 26. a5 Kg8 27. b5 Kf7 28. Kf2 Ke6 29. h3 Kd7 30. Rca4 Rce8 (30... h6 $5 ) 31. Ke2 Rf6 {[%emt 0:00:58] Black is slightly better.} 32. axb6 axb6 33. Ra8 Rff8 34. Rxe8 Rxe8 35. g4 Rf8 36. Rg1 g6 37. Ra1 Rg8 (37... h6 $5 ) 38. Kf2 h5 39. Rg1 {[%emt 0:03:48] Weighted Error Value: White=0.09 (flawless) /Black=0.07 (flawless)} ({Better is} 39. g5 $1 $15) 1/2-1/2

[Event "3rd Sharjah Challengers 2023"]
[Site "Sharjah"]
[Date "2023.05.17"]
[Round "1.7"]
[White "Salih, Akar Ali Salih"]
[Black "Nigmatov, Ortik"]
[Result "0-1"]
[ECO "C70"]
[WhiteElo "2200"]
[BlackElo "2438"]
[Annotator "TA"]
[PlyCount "130"]
[EventDate "2023.05.16"]
[EventType "swiss"]
[EventCountry "UAE"]
[SourceTitle "playchess.com"]
[Source "ChessBase"]
[SourceQuality "1"]
[TimeControl "5400+30"]

1. e4 e5 2. Nf3 Nc6 3. Bb5 a6 4. Ba4 f5 5. d3 fxe4 6. dxe4 Nf6 7. Nc3 {[%emt 0:01:44] C70: Ruy Lopez: 3...a6 4 Ba4, Norwegian and Delayed Schliemann.} d6 (7... Bb4 $11) 8. O-O Be7 9. a3 {[%emt 0:11:52] The position is equal.} O-O {[%emt 0:02:30] [#]} 10. Bb3+ $146 ({Predecessor:} 10. Qd3 Kh8 11. Bb3 Bg4 12. Ng5 Qe8 13. Ne6 Bxe6 14. Bxe6 Nd4 15. Ba2 Qh5 16. f3 {0-1 Shahade,G (2476)-Narayanan,S (2618) Titled Tuesday intern op 14th July blitz 2020 (4)}) 10... Kh8 11. Ng5 Qe8 {[%emt 0:00:26] Dodges Nf7+. White should prevent ...Nd4.} 12. Ne6 {[%emt 0:04:12] Inhibits Nd4.} Bxe6 13. Bxe6 Qg6 (13... Nd4 $11 {might be stronger.} 14. Bc4 c6) 14. Bd5 (14. Bf5 $5 Qf7 15. Be3 $14) 14... Nxd5 15. Nxd5 Bd8 16. f3 (16. Qd3 {feels hotter.} Nd4 17. f4 c6 18. f5) 16... Nd4 17. c3 Ne6 18. Ne3 Bg5 19. Nf5 Bxc1 {[%emt 0:00:46][%mdl 64] Remove Defender} 20. Rxc1 a5 21. Rc2 Nf4 22. Kh1 a4 23. Rd2 Qg5 24. Qe1 Ne6 25. Rd1 Ra5 26. Qg3 Qf6 27. Rd2 Rb5 28. Re1 Nc5 29. Red1 Qf7 30. h3 Ne6 31. Qh4 Nf4 32. Qe7 (32. Kh2 {is more complex.} Rb3 33. Qg5 Ne6 34. Qe7) 32... Qxe7 33. Nxe7 g6 {[%emt 0:00:18] Threatening ...c6.} 34. Nd5 Nxd5 35. c4 Rc5 36. cxd5 $11 {[%emt 0:00:02][%mdl 4096] Endgame KRR-KRR} Ra8 37. Re1 Raa5 38. Ree2 Rc1+ 39. Kh2 Rac5 40. Kg3 Kg7 41. Kf2 Kf6 42. Re1 R1c4 43. h4 Ke7 44. Ke2 c6 45. dxc6 bxc6 46. Red1 Rc2 47. Rxc2 Rxc2+ {[%emt 0:00:02] KR-KR} 48. Rd2 Rc5 49. Kd3 Rb5 50. Rc2 Kd7 51. Kd2 {[%emt 0:02:18] [#]} (51. Rc4 $11) 51... d5 $1 $17 52. exd5 cxd5 53. b4 $2 {[%emt 0:01:34][%mdl 8192] Loses the game.} (53. Kc1 $17) 53... axb3 $19 54. Rb2 Kc6 55. Kc3 d4+ 56. Kc4 (56. Kd3 $142 Kc5 57. Rb1) 56... Rc5+ 57. Kxb3 Kd5 58. Rd2 {[%emt 0:01:43] Prevents d3.} Rc7 $2 (58... e4 59. fxe4+ Kxe4 60. Re2+ Kf4) 59. a4 (59. Kb2) 59... Rb7+ 60. Ka3 $2 (60. Kc2 Rb4 61. a5) 60... Kc4 {[%emt 0:00:06] Black is clearly winning.} 61. Rc2+ {[%emt 0:00:41] [#]} Kd3 $1 62. Rc5 e4 63. fxe4 Kxe4 {[%emt 0:00:13] White must now prevent ...d3.} 64. a5 d3 {[%emt 0:00:06] ( -> ...d2)} 65. a6 Ra7 {[%emt 0:00:05] Weighted Error Value: White=0.33/Black=0.13 (very precise)} 0-1

[Event "3rd Sharjah Challengers 2023"]
[Site "Sharjah"]
[Date "2023.05.17"]
[Round "1.8"]
[White "Vandenbussche, Thibaut"]
[Black "Ammar, Sedrani"]
[Result "1-0"]
[ECO "B12"]
[WhiteElo "2437"]
[BlackElo "2197"]
[Annotator "TA"]
[PlyCount "63"]
[EventDate "2023.05.16"]
[EventType "swiss"]
[EventCountry "UAE"]
[SourceTitle "playchess.com"]
[Source "ChessBase"]
[SourceQuality "1"]
[TimeControl "5400+30"]

1. e4 c6 2. d4 d5 3. e5 Bf5 4. Nc3 e6 5. g4 Bg6 6. Nge2 c5 7. h4 h6 8. Be3 Nd7 {[%emt 0:05:23] B12: Caro-Kann: Advance Variation.} 9. f4 cxd4 (9... Ne7 $14) 10. Nxd4 $16 {[%emt 0:00:30] Strongly threatening f5.} Bc5 {[%emt 0:00:18] [#]} (10... Be7 $16) 11. f5 $1 $18 {[%emt 0:06:08] [#]} exf5 $146 ({Predecessor:} 11... Bxd4 12. Qxd4 exf5 13. Nxd5 Ne7 14. Nxe7 Qxe7 15. O-O-O Nxe5 16. Bb5+ Nc6 17. Rhe1 O-O 18. Bxc6 bxc6 19. Bxh6 {1-0 Brkic,A (2372)-Tomic,J Zadar op 2002 (1)}) 12. e6 (12. Nxd5 Ne7 13. e6 (13. Nxe7 Qxe7 14. gxf5 Qxe5 $17) 13... Nxd5 $17) (12. Nxf5 Bxe3 13. Nxe3 Ne7 $11) 12... Ndf6 13. Bb5+ (13. gxf5 $6 Bxd4 14. Qxd4 Bxf5 $16) (13. Nxf5 $2 Bxe3 14. Nxe3 (14. exf7+ $2 Bxf7 15. Nxe3 d4 $19) 14... d4 $19) 13... Kf8 14. gxf5 (14. Nxf5 $2 Bxe3 15. Nxe3 d4 $19) 14... Bxd4 15. Qxd4 (15. Bxd4 $6 Bxf5 16. exf7 Qe7+ 17. Be2 Qxf7 $16) 15... Bxf5 16. exf7 Kxf7 17. O-O-O {[%emt 0:00:21] Hoping for Qf4.} Ne7 18. Rhg1 {[%emt 0:05:48][%mdl 1024] Prevents Bg4. Qe5 is the strong threat. White has strong compensation. Black is weak on the dark squares} a6 19. Ba4 {[%emt 0:00:21] Threatens to win with Qe5. This pair of bishops is nice.} Be6 $2 (19... Rc8 20. Rdf1 Qd6) 20. Bf4 (20. Rdf1 Nf5 21. Qd3 (21. Qb4 b5 $14) (21. Qe5 Nxe3 22. Qxe3 Qd6 $18) 21... g6 $18) (20. Qe5 $142) 20... b5 {[%emt 0:05:35] [#]} (20... Nf5 $142 21. Qe5 Qb8) 21. Bb3 $1 Re8 $2 (21... Rg8 22. Qf2 (22. Rde1 Qd7 $18) 22... b4) 22. Qf2 (22. Rde1 Qd7 23. Qf2 (23. Qe5 Nc6 $11) 23... Kg8 24. Bxh6 Ng4 $18) 22... Rc8 23. Be5 {[%emt 0:02:53][%cal Og1g7] White wants to mate with Rxg7+!} Rf8 24. Ne4 Nf5 {[%emt 0:01:26] Prevents Nd6+} (24... dxe4 25. Rxd8 Rcxd8 26. Bxf6 gxf6) 25. Bxf6 {[%emt 0:02:45][%mdl 64] Remove Defender} ({Stronger than} 25. Qg2 Nxe4 26. Bxg7 Qd6 27. Bxf8 (27. Rdf1 $2 Ke7 $19) 27... Rxf8 $17) 25... gxf6 {[%emt 0:00:02] [#]} 26. Bxd5 $1 {[%emt 0:01:04][%mdl 576] Deflection} Qc7 (26... Rxc2+ 27. Qxc2) 27. Bxe6+ (27. Qxf5 $2 Qxc2#) 27... Kxe6 28. Nc3 {[%emt 0:01:12] Rge1+ would kill now.} Qc5 29. Rge1+ Kf7 30. Rd7+ Kg8 31. Qg2+ Kh8 32. Qg6 {[%emt 0:00:29] Black got outplayed after the opening. A superb game by Vandenbussche.   Weighted Error Value: White=0.38/Black=0.73} 1-0

[Event "3rd Sharjah Challengers 2023"]
[Site "Sharjah"]
[Date "2023.05.17"]
[Round "1.9"]
[White "Koridze, Lile"]
[Black "Saydaliev, Saidakbar"]
[Result "0-1"]
[ECO "E01"]
[WhiteElo "2191"]
[BlackElo "2434"]
[Annotator "TA"]
[PlyCount "88"]
[EventDate "2023.05.16"]
[EventType "swiss"]
[EventCountry "UAE"]
[SourceTitle "playchess.com"]
[Source "ChessBase"]
[SourceQuality "1"]
[TimeControl "5400+30"]

1. d4 Nf6 2. c4 e6 3. Nf3 d5 4. g3 dxc4 5. Bg2 Nbd7 6. Qc2 c6 7. Qxc4 Bd6 8. O-O O-O 9. Nc3 Qe7 {[%emt 0:04:54] E01: Catalan: Early deviations.} 10. Bf4 e5 11. dxe5 Nxe5 {[%emt 0:00:36] The position is equal.} 12. Nxe5 Bxe5 13. Bxe5 Qxe5 {[%emt 0:00:02] [#]} 14. Rfd1 $146 ({Predecessor:} 14. e4 Be6 15. Qb4 Qc7 16. h3 a5 17. Qc5 Nd7 18. Qe3 a4 19. Rac1 Qb6 20. Qe2 {½-½ Carstensen,J (2352)-Przybylski,W (2354) Wch Blitz 9th 2015 (13)}) 14... Be6 15. Qb4 Qc7 16. Rac1 Rfd8 17. Qa3 a5 18. Qc5 Nd7 19. Qe3 Nb6 20. Rxd8+ Qxd8 (20... Rxd8 {feels hotter.} 21. Nb5 Qd7 22. Qxb6 cxb5 23. Qxa5 Qd2) 21. Rd1 Qc7 22. Qd4 a4 23. Qc5 Nd7 24. Qe7 h6 {[%emt 0:07:33] [#]} ({Better is} 24... Qb6 $14) 25. Rd6 (25. a3 $1 $16) 25... a3 $11 26. b4 Qc8 27. Rxe6 (27. h4 $1 $11) 27... fxe6 $17 28. Bh3 (28. Qxe6+ $142 Kh8 29. Bf3) 28... Nf8 29. Ne4 $2 {[%emt 0:00:23] This costs White the game.} (29. Bg4 $17) 29... Qd8 $19 30. Qxb7 Rb8 31. Qxc6 Qd1+ 32. Kg2 Qd5 33. Qxd5 exd5 {[%emt 0:00:01][%mdl 4096] Endgame KRN-KBN} 34. Nc3 Rxb4 35. Bf5 (35. Kf1 {only move.}) 35... Rb2 36. Bd3 Nd7 {[%emt 0:00:35] Black is clearly winning.} 37. Nxd5 Ne5 {[%emt 0:00:31][%cal Oe5d3] ...Nxd3! is the strong threat.} 38. Ba6 (38. Be4 $142 Rxa2 39. Nc3) 38... Rxa2 {[%emt 0:00:33] aiming for ...Rb2.} 39. f4 {[%emt 0:00:20] [#]} Rb2 $1 {[%emt 0:00:52] And now ...a2 would win.} 40. fxe5 (40. Nc3 Rc2) 40... a2 41. e6 a1=Q (41... a1=B $2 42. Bd3 $18) 42. e7 Rb8 ({Not} 42... Qxa6 43. e8=Q+ Kh7 44. Nf4 $17) 43. Bc4 Kh8 44. Nf4 g5 {[%emt 0:00:08] Weighted Error Value: White=0.82/Black=0.16 (very precise)} 0-1

[Event "3rd Sharjah Challengers 2023"]
[Site "Sharjah"]
[Date "2023.05.18"]
[Round "2.1"]
[White "Kanter, Eduard"]
[Black "Sivuk, Vitaly"]
[Result "0-1"]
[ECO "E06"]
[WhiteElo "2367"]
[BlackElo "2489"]
[Annotator "TA"]
[PlyCount "98"]
[EventDate "2023.05.16"]
[EventType "swiss"]
[EventCountry "UAE"]
[SourceTitle "playchess.com"]
[Source "ChessBase"]
[SourceQuality "1"]
[TimeControl "5400+30"]

1. d4 Nf6 2. c4 e6 3. Nf3 d5 4. g3 Be7 5. Bg2 O-O 6. Nc3 Nbd7 7. b3 dxc4 $1 {[%emt 0:00:30][%mdl 4] 7...dxc4 is the modern continuation.} 8. bxc4 c5 9. O-O (9. e3 {with more complications.} cxd4 10. exd4 e5 11. dxe5 Qa5 12. exf6 Qxc3+ 13. Bd2) 9... cxd4 {[%emt 0:00:30] E06: Closed Catalan: Early deviations.} 10. Nxd4 Ne5 11. Rb1 (11. Bf4 $5 Ng6 12. Bg5 $11) 11... Nxc4 {[%emt 0:00:30] The position is equal.} 12. Bxb7 (12. Qd3 $11 Ne5 13. Qd1) 12... Bxb7 $17 13. Rxb7 {[%emt 0:00:30] Black must now prevent Nc6.} Bc5 14. Ndb5 {[%emt 0:00:30] [#]} ({White should try} 14. e3 $15) 14... Na5 $1 $19 15. Rc7 Bb6 16. Qxd8 Rfxd8 17. Re7 {[%emt 0:00:30] [#]} a6 $1 18. Na4 Bxf2+ {[%emt 0:00:30] [#]} 19. Rxf2 $146 {[%emt 0:00:30] Nbc3 would be deadly.} ({Predecessor:} 19. Kxf2 axb5 20. Nc3 b4 21. Nb5 Nd5 22. Ra7 Rxa7 23. Nxa7 Ra8 24. Nb5 Nc4 25. Bf4 Rxa2 {0-1 Sjugirov,S (2662)-Shimanov,A (2587) St Petersburg rapid 2019 (8)}) 19... axb5 20. Nb2 Nc6 21. Rb7 Rxa2 22. Rxb5 (22. Nd3 $142) 22... Nd4 23. Rb7 Rc8 24. Bg5 Ne4 25. Rfxf7 Nf5 {[%emt 0:00:30] Excellent horsemanship.} ({Weaker is} 25... Nxe2+ 26. Kf1 Nxg5 27. Rxg7+ Kf8 28. Rgd7 $17) 26. Bf4 {[%emt 0:00:30] [#]} Rxb2 $1 {[%emt 0:00:30][%mdl 576] Deflection} 27. Rxg7+ Nxg7 28. Rxb2 Nh5 29. Be5 Rc5 30. Bd4 Rd5 31. Be3 Nhf6 32. Kg2 Kf7 33. h3 h5 34. Rb7+ Kg6 35. Rb3 Ra5 36. Bd4 e5 37. Bb2 Kf5 38. Rf3+ Ke6 39. Rb3 Nd5 40. Rb8 Nd6 {[%emt 0:00:30] Inhibits Re8+.} 41. e4 (41. g4 $142) 41... Nxe4 {[%emt 0:00:30] Black is clearly winning.} 42. Re8+ Ne7 43. g4 Ra2 44. Rb8 h4 {[%emt 0:00:30] And now ...Nd5 would win.} 45. Kf3 Ng5+ 46. Ke3 Ra6 47. Rh8 Ng6 (47... Nxh3 $2 48. Rh6+ (48. Rxh4 $2 {is the wrong capture.} Nd5+ 49. Kd2 Ng5 $19) 48... Kd5 49. Rxa6 $18) 48. Rh6 Kf6 49. Kd3 Kg7 {[%emt 0:00:30] White did not feel at home in the position after the opening.   Weighted Error Value: White=0.49/Black=0.22 (precise)} 0-1